 Dungeon Crawl Stone Soup version 0.27.1-33-g824d729ab1 (webtiles) character file.

Game seed: 12058541014433593129

48 plantmann the Sneak (level 3, 0/18 HPs)
             Began as a Spriggan Brigand on Dec 17, 2021.
             Killed by divine providence
             ... invoked by an orc priest
              (15 damage)
             ... on level 2 of the Dungeon.
             The game lasted 00:05:10 (1771 turns).

plantmann the Sneak (Spriggan Brigand)              Turns: 1771, Time: 00:05:11

Health: 0/18       AC:  3    Str:  7    XL:     3   Next: 50%
Magic:  4/4        EV: 17    Int: 13    God:
Gold:   58         SH:  0    Dex: 16    Spells: 2/2 levels left

rFire    . . .     SeeInvis +   a - +2 dagger
rCold    . . .     Faith    .   (shield restricted)
rNeg     . . .     Spirit   .   b - +0 robe
rPois    .         Reflect  .   (helmet restricted)
rElec    .         Harm     .   c - +0 cloak
rCorr    .         Rampage  .   (gloves unavailable)
Will     .....                  (boots unavailable)
Stlth    +++.......             (no amulet)
HPRegen  0.06/turn              (no ring)
MPRegen  0.09/turn              (no ring)

@: very quick
A: very small, no large weapons, unfitting armour, see invisible, speed 3
a: no special abilities


You were on level 2 of the Dungeon.
You visited 1 branch of the dungeon, and saw 2 of its levels.

You collected 58 gold pieces.

Inventory:

Hand Weapons
 a - a +2 dagger (weapon)
Missiles
 d - 3 poisoned darts (quivered)
 e - 2 curare-tipped darts
Armour
 b - a +0 robe (worn)
 c - a +0 cloak (worn)
Scrolls
 f - a scroll of torment {unknown}
 g - a scroll of noise {unknown}
 h - a scroll of teleportation {unknown}
 i - a scroll of amnesia {unknown}
 k - a scroll of fog {unknown}
 n - a scroll of enchant weapon {unknown}
Potions
 j - 2 potions of curing {unknown}
 l - 2 potions of heal wounds {unknown}
 m - a potion of resistance {unknown}
 o - a potion of might {unknown}


   Skills:
 + Level 2.0 Fighting
 * Level 3.2 Short Blades
 - Level 2.0 Throwing
 + Level 2.2 Dodging
 + Level 6.3 Stealth


You had 2 spell levels left.
You didn't know any spells.
Your spell library contained the following spells:

 Spells                   Type           Power      Damage    Failure   Level
 Animate Skeleton         Necr           0%         N/A       30%         1


Dungeon Overview and Level Annotations

Branches:
Dungeon (2/15)

Altars:

Shops:
D:2 :


Innate Abilities, Weirdness & Mutations

You are very small and have problems with some larger weapons.
You are too small for most types of armour.
You have supernaturally acute eyesight. (SInv)
You cover ground extremely quickly. (Speed+++)


Message History

Press: ? - help, Q - select action, (/) - cycle Shift-Dir - straight line, f/p - orc
Aim: an orc, wielding a +0 hand axe and quivering boomerangs (62% to hit)
You throw a poisoned dart.
The poisoned dart barely misses the orc.
Sorry, you're not good enough to have a special ability.
Throw: 4 darts (poison)
Press: ? - help, Q - select action, (/) - cycle Shift-Dir - straight line, f/p - orc
Aim: an orc, wielding a +0 hand axe and quivering boomerangs (62% to hit)
You throw a poisoned dart.
The poisoned dart barely misses the orc.
You hit the orc.
The orc is moderately wounded.
The orc closely misses you.
You barely miss the orc.
The orc is moderately wounded.
The orc closely misses you.
You barely miss the orc.
The orc is moderately wounded.
The orc hits you with a +0 hand axe.
You barely miss the orc.
The orc is moderately wounded.
The orc completely misses you.
You hit the orc but do no damage.
The orc is moderately wounded.
You hit the orc.
The orc is moderately wounded.
The orc barely misses you.
You hit the orc.
The orc is almost dead.
The orc hits you with a +0 hand axe.
You hit the orc.
You kill the orc!
Things that are here:
a +0 hand axe; 5 boomerangs An orc and an orc priest come into view.
The orc shouts!
The orc priest shouts!
The orc shouts!
You hear a bark! x2
The orc priest invokes the aid of Beogh against you.
Beogh smites you!
Ouch! That really hurt!
You die...

#####
#...#########.
#.>..)@....(..
#...###....##.
#...# ....#
##...# ..o.#
#...## .oo.#
#...# ....#
#####...#
..###
#.......## .h#
#.....#.....


You could see an orc priest, 2 orcs and a jackal.

Vanquished Creatures
  A gnoll (D:1)
  A dart slug (D:1)
  An orc (D:2)
  2 ball pythons (D:1)
  5 endoplasms
  3 giant cockroaches (D:1)
  2 goblins (D:1)
  8 hobgoblins
  2 quokkas
  2 bats
  A frilled lizard (D:1)
  2 kobolds
30 creatures vanquished.

Notes
Turn   | Place    | Note
-------+----------+-------------------------------------------
     0 | D:1      | plantmann the Spriggan Brigand began the quest for the Orb.
     0 | D:1      | Reached XP level 1. HP: 10/10 MP: 2/2
   112 | D:1      | Reached skill level 6 in Stealth
   112 | D:1      | Reached XP level 2. HP: 15/15 MP: 3/3
   179 | D:1      | Found a faded altar of an unknown god.
   192 | D:1      | Got Plato's Collected Works on Unholy Secrets
   567 | D:1      | Reached XP level 3. HP: 13/18 MP: 4/4
  1442 | D:2      | Found Modae's Book Shoppe.
  1771 | D:2      | Killed from afar by an orc priest

Illustrated notes

Levels and vault maps discovered:
D:1:      shiori_arrival_elements, layout_basic,
          shapermc_ecumenical_altar_rom_forum
D:2:      layout_basic, serial_shops, shop, minmay_pentomino_p4

Skill      XL: |  1  2  3 |
---------------+----------+-----
Stealth        | 6 |  6.3
Dodging        | 2 |  2.2
Short Blades   | 3 |  3.2
Fighting       | 2 |  2.0
Throwing       | |  2.0

Action                   || total
-------------------------++-------
Melee: Dagger            ||   125
Throw: Dart              ||     7
 Stab: Sleeping          ||     6
Armor: Robe              ||    15
Dodge: Dodged            ||    71
